[Event "December 12 Early 2023"]
[Site "https://www.chess.com"]
[Date "2023.12.12"]
[Round "1"]
[White "Spyropoulos, Nikolaos"]
[Black "Donatti, Alvaro"]
[Result "1-0"]
[Board "227"]
[TimeControl "180+1"]
[WhiteFideId "4298977"]
[BlackFideId "3000303"]
[WhiteElo "2533"]
[BlackElo "1991"]
[WhiteTeam "GRE"]
[BlackTeam "URU"]
[WhiteClock "0:01:05"]
[BlackClock "0:00:00"]

1. Nf3 Nf6 2. d4 g6 3. Bg5 Bg7 4. Nbd2 O-O 5. c3 b6 6. e4 Bb7 7. Bd3 d6 8. O-O c5 9. Rc1 Nc6 10. a3 e5 11. dxe5 Nxe5 12. Nxe5 dxe5 13. Qe2 Qc7 14. Bxf6 Bxf6 15. Nc4 Bg7 16. Ne3 Rad8 17. Rcd1 Bh6 18. Bc4 Bxe3 19. Qxe3 Qe7 20. f3 Kg7 21. Bd5 Ba6 22. Rfe1 Bc8 23. c4 Be6 24. Qc3 f6 25. Rd3 Bxd5 26. exd5 Qd6 27. Rde3 Rde8 28. f4 e4 29. Rxe4 Rxe4 30. Rxe4 Rd8 31. g3 Rf8 32. Re6 Qd7 33. b3 b5 34. Qe3 bxc4 35. Re7+ Rf7 36. Rxd7 Rxd7 37. bxc4 Rf7 38. d6 1-0

[Event "December 12 Early 2023"]
[Site "https://www.chess.com"]
[Date "2023.12.12"]
[Round "1"]
[White "Gazineu Neto, Rubens"]
[Black "Eilers, Stefan"]
[Result "0-1"]
[Board "228"]
[TimeControl "180+1"]
[WhiteFideId "2174685"]
[BlackFideId "4609565"]
[WhiteElo "1978"]
[BlackElo "2533"]
[WhiteTeam "BRA"]
[BlackTeam "GER"]
[WhiteClock "0:00:00"]
[BlackClock "0:00:27"]

1. e4 Nc6 2. d4 d5 3. e5 Bf5 4. c3 e6 5. Nf3 f6 6. Bf4 g5 7. Bg3 g4 8. Nh4 Bxb1 9. Rxb1 fxe5 10. dxe5 Bc5 11. Qxg4 Qd7 12. Qh5+ Qf7 13. Be2 Nge7 14. Qxf7+ Kxf7 15. O-O Ng6 16. Bh5 Kg7 17. b4 Bb6 18. Nxg6 hxg6 19. Bg4 Kf7 20. a4 a5 21. b5 Ne7 22. Rbc1 Bc5 23. c4 d4 24. Bf3 Rab8 25. Be4 Nf5 26. Bf4 b6 27. g3 Rbd8 28. Rcd1 Bb4 29. Bg5 Be7 30. Bf4 Ng7 31. Kg2 Nh5 32. Bc1 Bb4 33. Bb2 Bc5 34. Rd3 Ng7 35. Rfd1 Rd7 36. Bxd4 Rhd8 37. Bxc5 Rxd3 38. Rxd3 Rxd3 39. Bxd3 bxc5 40. g4 Ne8 0-1

[Event "December 12 Early 2023"]
[Site "https://www.chess.com"]
[Date "2023.12.12"]
[Round "1"]
[White "Durucay, Uygar"]
[Black "Santos, Isaque Goncalves"]
[Result "1-0"]
[Board "229"]
[TimeControl "180+1"]
[WhiteFideId "44591560"]
[BlackFideId "2103885"]
[WhiteElo "2532"]
[BlackElo "1842"]
[WhiteTeam "TUR"]
[BlackTeam "BRA"]
[WhiteClock "0:00:12"]
[BlackClock "0:00:07"]

1. d4 d5 2. c4 e6 3. Nc3 c6 4. e4 dxe4 5. Nxe4 Nf6 6. Nxf6+ Qxf6 7. Nf3 Bb4+ 8. Bd2 Bxd2+ 9. Qxd2 Nd7 10. Bd3 h6 11. O-O c5 12. d5 O-O 13. dxe6 Qxe6 14. Rfe1 Qf6 15. Rad1 Nb6 16. h3 Be6 17. Qc2 Rad8 18. b3 Bxh3 19. Be4 Rxd1 20. Rxd1 Bc8 21. Qd2 Nd7 22. Bb1 Ne5 23. Nxe5 Qxe5 24. Re1 Qd4 25. Qc2 g6 26. Rd1 Qg4 27. f3 Qg5 28. Qf2 Bf5 29. Qxc5 Bxb1 30. Qxg5 hxg5 31. Rxb1 Rd8 32. Rb2 Kg7 33. Kf2 f5 34. b4 Rd4 35. c5 Kf6 36. Ke3 Rc4 37. Kd3 Rc1 38. Kd4 Re1 39. b5 Rd1+ 40. Kc4 Rc1+ 41. Kb4 Ke6 42. a4 Kd5 43. Rd2+ Ke5 44. b6 Rb1+ 45. Ka5 a6 46. c6 bxc6 47. Kxa6 c5 48. b7 c4 49. Ka7 c3 50. Rc2 Kd4 51. b8=Q Rxb8 52. Kxb8 Kd3 53. Ra2 c2 54. Rxc2 Kxc2 55. a5 g4 56. fxg4 f4 57. a6 Kd2 58. a7 Ke2 59. a8=Q Kf2 60. Qf3+ Kg1 61. Qxf4 g5 62. Qxg5 Kh1 63. Qd5 Kg1 64. g5 1-0

[Event "December 12 Early 2023"]
[Site "https://www.chess.com"]
[Date "2023.12.12"]
[Round "2"]
[White "Leiva, Gianmarco"]
[Black "Aronian, Levon"]
[Result "0-1"]
[Board "1"]
[TimeControl "180+1"]
[WhiteFideId "3804399"]
[BlackFideId "13300474"]
[WhiteElo "2663"]
[BlackElo "3118"]
[WhiteTeam "PER"]
[BlackTeam "USA"]
[WhiteClock "0:00:06"]
[BlackClock "0:01:22"]

1. d4 Nf6 2. Nf3 g6 3. Nc3 d5 4. Bf4 Bg7 5. Nb5 Na6 6. e3 Nh5 7. Bg5 O-O 8. Be2 c6 9. Nc3 Nc7 10. Bh4 Bg4 11. h3 Bxf3 12. Bxf3 Nf6 13. Ne2 Nd7 14. Rc1 Qe8 15. Bg3 e5 16. dxe5 Bxe5 17. c3 a5 18. O-O a4 19. Bg4 f5 20. Bf3 Qe7 21. Qc2 Bxg3 22. Nxg3 Ne5 23. Be2 Ne6 24. Rfe1 f4 25. exf4 Nxf4 26. Bd1 Nfd3 27. Bg4 Nxe1 28. Rxe1 Nf3+ 0-1

[Event "December 12 Early 2023"]
[Site "https://www.chess.com"]
[Date "2023.12.12"]
[Round "2"]
[White "Nepomniachtchi, Ian"]
[Black "Adla, Diego"]
[Result "1-0"]
[Board "2"]
[TimeControl "180+1"]
[WhiteFideId "4168119"]
[BlackFideId "100072"]
[WhiteElo "3113"]
[BlackElo "2661"]
[WhiteTeam "RUS"]
[BlackTeam "ARG"]
[WhiteClock "0:00:25"]
[BlackClock "0:00:11"]

1. e4 e5 2. Bc4 Nf6 3. Qf3 Nc6 4. Ne2 Be7 5. d3 d6 6. h3 Na5 7. Nbc3 c6 8. g4 Nxc4 9. dxc4 Be6 10. g5 Nd7 11. b3 Bxg5 12. Bxg5 Qxg5 13. Rg1 Qf6 14. Qd3 O-O-O 15. Qxd6 Bxh3 16. Qa3 Kb8 17. O-O-O h5 18. Rd3 Be6 19. Qd6+ Ka8 20. Rgd1 h4 21. f4 exf4 22. Nxf4 Nb8 23. Nxe6 fxe6 24. Qc7 Rxd3 25. Rxd3 h3 26. Qh2 Qg5+ 27. Kb2 Qg2 28. Qxg2 hxg2 29. Rg3 Rh2 30. Rxg7 a6 31. Na4 Nd7 32. c5 Kb8 33. b4 Kc8 34. Nb6+ Nxb6 35. cxb6 e5 36. Kb3 Kd8 37. c3 Ke8 38. Kc4 Kf8 39. Rg5 Kf7 40. Kc5 Kf6 41. Rg3 Ke6 42. c4 Ke7 43. a4 Ke6 44. a5 Ke7 45. b5 cxb5 46. cxb5 g1=Q+ 47. Rxg1 Rc2+ 48. Kd5 axb5 49. Rg7+ Kf6 50. Rxb7 Ra2 51. Ra7 b4 52. b7 1-0

[Event "December 12 Early 2023"]
[Site "https://www.chess.com"]
[Date "2023.12.12"]
[Round "2"]
[White "Papasimakopoulos, Alexandros"]
[Black "Andreikin, Dmitry"]
[Result "0-1"]
[Board "3"]
[TimeControl "180+1"]
[WhiteFideId "4244125"]
[BlackFideId "4158814"]
[WhiteElo "2654"]
[BlackElo "3089"]
[WhiteTeam "GRE"]
[BlackTeam "FID"]
[WhiteClock "0:02:21"]
[BlackClock "0:02:00"]

1. d4 Nf6 2. c4 e6 3. Nc3 Bb4 4. Qc2 c5 5. dxc5 Na6 6. a3 Bxc3+ 7. Qxc3 Nxc5 8. f3 a5 9. e4 O-O 10. Be3 b6 11. Ne2 d5 12. cxd5 exd5 13. e5 Nfd7 14. Rd1 Re8 15. Nf4 Nxe5 16. Bb5 Qh4+ 17. g3 Nxf3+ 18. Kf2 Ne4+ 19. Kxf3 Qg4+ 20. Kg2 Nxc3 21. Bxe8 Nxd1 22. h3 Nxe3+ 23. Kh2 Qf3 24. Ng6 Qg2# 0-1

[Event "December 12 Early 2023"]
[Site "https://www.chess.com"]
[Date "2023.12.12"]
[Round "2"]
[White "Le, Tuan Minh"]
[Black "Souleidis, Georgios"]
[Result "1-0"]
[Board "4"]
[TimeControl "180+1"]
[WhiteFideId "12401153"]
[BlackFideId "4206827"]
[WhiteElo "3078"]
[BlackElo "2653"]
[WhiteTeam "VIE"]
[BlackTeam "GRE"]
[WhiteClock "0:00:09"]
[BlackClock "0:00:00"]

1. d4 Nf6 2. c4 g6 3. g3 Bg7 4. Bg2 O-O 5. Nf3 d6 6. O-O Nc6 7. d5 Na5 8. Nfd2 c5 9. Nc3 a6 10. Qc2 b5 11. cxb5 axb5 12. Nxb5 Qb6 13. Nc3 Bf5 14. e4 Bc8 15. b3 Ba6 16. Re1 Ng4 17. Bb2 Ne5 18. Na4 Qa7 19. Bc3 Bb5 20. Nb2 Qa6 21. f4 Nd3 22. Bxg7 Nxe1 23. Qc3 Nxg2 24. Bxf8 Rxf8 25. Kxg2 e6 26. dxe6 fxe6 27. Re1 Bc6 28. Kg1 Ba8 29. Qd3 Qc6 30. Qc3 Qb6 31. Nbc4 Nxc4 32. Nxc4 Qc6 33. Nd2 d5 34. Qe5 c4 35. exd5 exd5 36. Qd4 c3 37. Rc1 Rc8 38. Nf3 Qa6 39. Rxc3 Rxc3 40. Qxc3 Qxa2 41. Ng5 Bb7 42. Qe1 1-0

[Event "December 12 Early 2023"]
[Site "https://www.chess.com"]
[Date "2023.12.12"]
[Round "2"]
[White "Koellner, Ruben Gideon"]
[Black "Pranav, V"]
[Result "0-1"]
[Board "5"]
[TimeControl "180+1"]
[WhiteFideId "12993093"]
[BlackFideId "25060783"]
[WhiteElo "2651"]
[BlackElo "3067"]
[WhiteTeam "GER"]
[BlackTeam "IND"]
[WhiteClock "0:00:00"]
[BlackClock "0:00:19"]

1. d4 Nf6 2. Nf3 g6 3. Nbd2 Bg7 4. e4 d6 5. Bc4 O-O 6. O-O Nc6 7. c3 e5 8. dxe5 dxe5 9. Qe2 Qe7 10. a4 Nh5 11. g3 Bh3 12. Re1 a5 13. b3 Rfd8 14. Ba3 Qf6 15. Nf1 Bg4 16. Kg2 Nf4+ 17. gxf4 exf4 18. e5 Qf5 19. Qe4 Qh5 20. Qxf4 Qh3+ 21. Kg1 Bxf3 22. Bxf7+ Kh8 23. Qg3 Qxg3+ 24. hxg3 Nxe5 25. Nh2 Nxf7 26. Nxf3 Bxc3 27. Re7 Bxa1 28. Rxf7 Rd5 29. Rxc7 b5 30. Kg2 Re8 31. Bc1 bxa4 32. bxa4 Bf6 33. Be3 Kg8 34. Ra7 Re7 35. Ra6 Kg7 0-1

[Event "December 12 Early 2023"]
[Site "https://www.chess.com"]
[Date "2023.12.12"]
[Round "2"]
[White "Duda, Jan-Krzysztof"]
[Black "Seemann, Jakub"]
[Result "1-0"]
[Board "6"]
[TimeControl "180+1"]
[WhiteFideId "1170546"]
[BlackFideId "21874697"]
[WhiteElo "3060"]
[BlackElo "2650"]
[WhiteTeam "POL"]
[BlackTeam "POL"]
[WhiteClock "0:00:45"]
[BlackClock "0:00:00"]

1. b3 e5 2. Bb2 Nc6 3. e3 Nf6 4. Nf3 e4 5. Nd4 Bc5 6. Nf5 O-O 7. c4 d5 8. cxd5 Qxd5 9. Ng3 Bg4 10. Qc1 Ne5 11. h3 Be6 12. Nc3 Nd3+ 13. Bxd3 Qxd3 14. Qb1 Qa6 15. Ncxe4 Nxe4 16. Qxe4 Rfd8 17. Bxg7 Rd5 18. Bc3 Rad8 19. b4 Be7 20. a4 f5 21. Qf4 Qd3 22. Qh6 Re5 23. Bxe5 Qxd2+ 24. Kf1 Bc4+ 25. Kg1 Bf8 26. Qg5+ Kf7 27. Qxf5+ 1-0

[Event "December 12 Early 2023"]
[Site "https://www.chess.com"]
[Date "2023.12.12"]
[Round "2"]
[White "Oparin, Grigoriy"]
[Black "Smirnov, Alexandr A."]
[Result "1-0"]
[Board "7"]
[TimeControl "180+1"]
[WhiteFideId "24125890"]
[BlackFideId "24104396"]
[WhiteElo "3053"]
[BlackElo "2649"]
[WhiteTeam "USA"]
[BlackTeam "RUS"]
[WhiteClock "0:00:27"]
[BlackClock "0:00:08"]

1. Nc3 c5 2. e4 Nc6 3. Nf3 g6 4. d4 cxd4 5. Nxd4 Bg7 6. Be3 d6 7. Bc4 Nf6 8. f3 O-O 9. Bb3 Bd7 10. h4 h5 11. Qd2 Rc8 12. O-O-O Na5 13. Kb1 Nc4 14. Bxc4 Rxc4 15. Qd3 b5 16. Bg5 Qb8 17. Nb3 Rfc8 18. e5 Bf5 19. Qxf5 gxf5 20. exf6 Bxf6 21. Bxf6 exf6 22. Nd5 Rxc2 23. Ne7+ Kf8 24. Nxc8 Qxc8 25. Rxd6 Rxg2 26. Rc1 Qe8 27. Nd4 Qe5 28. Rd8+ Kg7 29. a3 a5 30. Rcc8 Qe1+ 31. Ka2 Rxb2+ 32. Kxb2 Qf2+ 33. Rc2 Qe1 34. Rg2+ Kh7 35. Rgg8 Qf2+ 36. Nc2 f4 37. Rh8+ Kg6 38. Rdg8+ Kf5 39. Rxh5+ Ke6 40. Rxb5 Kd6 41. Rd8+ Kc7 42. Rd3 f5 43. Rxf5 Qxh4 44. Rxf7+ Kb6 45. Rfd7 Qf2 46. Rc3 Qg1 47. Rd5 Qf2 48. a4 Ka6 49. Rb5 Ka7 50. Rxa5+ Kb6 51. Rb5+ Ka6 52. Kb3 Qg1 53. Nb4+ Ka7 54. Rc7+ Ka8 55. Rc8+ Ka7 56. Nc6+ Ka6 57. Ra8+ Qa7 58. Rxa7# 1-0

[Event "December 12 Early 2023"]
[Site "https://www.chess.com"]
[Date "2023.12.12"]
[Round "2"]
[White "Agibileg, Uurtsaikh"]
[Black "Zemlyanskii, Ivan"]
[Result "0-1"]
[Board "8"]
[TimeControl "180+1"]
[WhiteFideId "4901606"]
[BlackFideId "24249971"]
[WhiteElo "2648"]
[BlackElo "3043"]
[WhiteTeam "MGL"]
[BlackTeam "RUS"]
[WhiteClock "0:00:00"]
[BlackClock "0:01:08"]

1. d4 d5 2. c4 e6 3. Nc3 c6 4. Nf3 Nf6 5. Bg5 dxc4 6. e4 b5 7. e5 h6 8. Bh4 g5 9. Nxg5 hxg5 10. Bxg5 Be7 11. exf6 Bxf6 12. Bxf6 Qxf6 13. g3 Na6 14. Bg2 Bb7 15. Ne4 Qe7 16. O-O O-O-O 17. a4 f5 18. axb5 cxb5 19. Rxa6 Bxa6 20. Nc5 Qxc5 21. dxc5 Rxd1 22. Rxd1 b4 23. Ra1 b3 24. Rxa6 c3 25. Ra1 c2 26. Kf1 a5 27. Bc6 Rd8 28. Ke2 Rd4 29. h4 a4 30. Bxa4 Rxa4 31. Rc1 Rd4 32. h5 Kc7 33. h6 Kc6 34. h7 Rd8 35. f3 Kxc5 36. g4 fxg4 37. fxg4 Rh8 38. Kd3 Rxh7 39. Ke4 Rd7 40. g5 Rd1 0-1

[Event "December 12 Early 2023"]
[Site "https://www.chess.com"]
[Date "2023.12.12"]
[Round "2"]
[White "Xiong, Jeffery"]
[Black "Boyer, Mahel"]
[Result "1-0"]
[Board "9"]
[TimeControl "180+1"]
[WhiteFideId "2047640"]
[BlackFideId "45102422"]
[WhiteElo "3040"]
[BlackElo "2648"]
[WhiteTeam "USA"]
[BlackTeam "FRA"]
[WhiteClock "0:01:55"]
[BlackClock "0:00:02"]

1. Nf3 d5 2. b3 Nf6 3. Bb2 Bf5 4. g3 e6 5. Bg2 Be7 6. O-O O-O 7. d3 h6 8. Nbd2 c6 9. Qe1 Bh7 10. e4 a5 11. a3 Na6 12. Qe3 Ng4 13. Qe2 Nf6 14. Ne5 Nd7 15. Nxd7 Qxd7 16. f4 Rfd8 17. Kh1 dxe4 18. Nxe4 Nc5 19. Nxc5 Bxc5 20. Bxg7 Bxa3 21. Bxh6 Bb2 22. Ra4 Bf6 23. Qg4+ Kh8 24. Bg5 Qe7 25. Rfa1 Bxg5 26. fxg5 b6 27. b4 Rg8 28. h4 Rad8 29. bxa5 b5 30. Rd4 e5 31. Rxd8 Rxd8 1-0

[Event "December 12 Early 2023"]
[Site "https://www.chess.com"]
[Date "2023.12.12"]
[Round "2"]
[White "Omelja, Artem"]
[Black "Sarana, Alexey"]
[Result "0-1"]
[Board "10"]
[TimeControl "180+1"]
[WhiteFideId "14119846"]
[BlackFideId "24133795"]
[WhiteElo "2642"]
[BlackElo "3029"]
[WhiteTeam "UKR"]
[BlackTeam "SRB"]
[WhiteClock "0:00:05"]
[BlackClock "0:00:22"]

1. d4 Nf6 2. c4 e6 3. Nf3 d5 4. Nc3 Bb4 5. cxd5 exd5 6. Qa4+ Nc6 7. Bg5 h6 8. Bxf6 Qxf6 9. e3 O-O 10. Bb5 Bxc3+ 11. bxc3 Ne7 12. Be2 Nf5 13. c4 dxc4 14. Qxc4 c6 15. O-O Be6 16. Qb4 Qe7 17. Qb2 Bd5 18. Rab1 Nd6 19. Rfc1 Be4 20. Ra1 Rae8 21. Nd2 Bd5 22. a4 f5 23. Bf3 Ne4 24. Nc4 f4 25. exf4 Rxf4 26. Ne5 Qg5 27. Qxb7 Re7 28. Qb4 Kh7 29. Bxe4+ Rxe4 30. Qb1 g6 31. Nf3 Qf6 32. Qd3 Rg4 33. Ra3 Qf4 34. Rd1 Rf7 35. h3 Qxf3 36. Qxf3 Rxf3 37. Rxf3 Bxf3 38. Rd3 Rxg2+ 39. Kf1 Bd5 40. Re3 Rh2 41. Re7+ Kg8 42. Rxa7 Rxh3 43. a5 Ra3 44. Ke2 h5 45. Kf1 h4 46. Kg1 Ra1+ 47. Kh2 Rh1# 0-1

[Event "December 12 Early 2023"]
[Site "https://www.chess.com"]
[Date "2023.12.12"]
[Round "2"]
[White "Paravyan, David"]
[Black "Renjith, Sravan"]
[Result "1-0"]
[Board "11"]
[TimeControl "180+1"]
[WhiteFideId "4194985"]
[BlackFideId "4306783"]
[WhiteElo "3020"]
[BlackElo "2638"]
[WhiteTeam "FID"]
[BlackTeam "NZL"]
[WhiteClock "0:01:00"]
[BlackClock "0:00:14"]

1. e4 e5 2. Nf3 Nc6 3. Bc4 Nf6 4. d3 Bc5 5. O-O O-O 6. Re1 h6 7. c3 Re8 8. b4 Bf8 9. Qb3 Qe7 10. a4 a6 11. Nh4 Nh7 12. Nf5 Qf6 13. Nd2 d6 14. Ne3 Ne7 15. Nf3 Bd7 16. d4 b5 17. Bd3 bxa4 18. Qd1 Ng5 19. Nxg5 hxg5 20. Bc2 exd4 21. cxd4 a5 22. Bxa4 Bxa4 23. Rxa4 axb4 24. Rxb4 Reb8 25. Rc4 c6 26. h3 d5 27. exd5 cxd5 28. Rc5 Rc8 29. Nxd5 Nxd5 30. Rxd5 Rd8 31. Bxg5 1-0

[Event "December 12 Early 2023"]
[Site "https://www.chess.com"]
[Date "2023.12.12"]
[Round "2"]
[White "Ovetchkin, Roman"]
[Black "Martinez Alcantara, Jose Eduardo"]
[Result "0-1"]
[Board "12"]
[TimeControl "180+1"]
[WhiteFideId "4119991"]
[BlackFideId "3805662"]
[WhiteElo "2637"]
[BlackElo "3016"]
[WhiteTeam "RUS"]
[BlackTeam "PER"]
[WhiteClock "0:00:00"]
[BlackClock "0:00:05"]

1. d4 Nf6 2. c4 e6 3. g3 Bb4+ 4. Bd2 c5 5. Bxb4 cxb4 6. Bg2 a5 7. Qd3 d6 8. Nd2 O-O 9. e3 Qe7 10. Ne2 e5 11. O-O Re8 12. a3 Na6 13. h3 h5 14. Rae1 Rb8 15. f4 e4 16. Qc2 Bf5 17. a4 b6 18. b3 Rbc8 19. Qd1 g6 20. d5 Nc5 21. Nd4 Bd7 22. Kh2 Kg7 23. Rh1 Rh8 24. Reg1 Rcg8 25. Bf1 Kf8 26. Kg2 Ke8 27. Kf2 Kd8 28. Ke1 Kc8 29. Nb1 g5 30. f5 Qe5 31. Qc2 Bxf5 32. Nc6 Qe8 33. Qf2 Qd7 34. Qxf5 Qxf5 35. Ne7+ Kd7 36. Nxf5 Nxb3 37. Be2 Nc5 38. Bd1 Nd3+ 39. Ke2 Rc8 40. Nd2 Ne5 41. Bb3 g4 42. Rf1 Nf3 43. h4 Rhe8 44. Rc1 Re5 45. Nd4 Ree8 46. Nb5 Ng8 47. c5 dxc5 48. Nc4 Rb8 49. Rhd1 f5 50. d6 Nf6 51. Nc7 Rf8 52. Nd5 Nxd5 53. Rxd5 f4 54. gxf4 g3 55. Kf1 Nxh4 56. Rg5 g2+ 57. Kf2 b5 58. Ne5+ Kxd6 59. Rd1+ Ke7 60. Rg7+ Kf6 61. Rgd7 c4 62. R1d6+ Kf5 63. Bd1 Rbe8 64. Bxh5 Rxe5 65. fxe5 Kxe5+ 0-1

[Event "December 12 Early 2023"]
[Site "https://www.chess.com"]
[Date "2023.12.12"]
[Round "2"]
[White "Vokhidov, Shamsiddin"]
[Black "Thorfinnsson, Bjorn"]
[Result "1-0"]
[Board "13"]
[TimeControl "180+1"]
[WhiteFideId "14204223"]
[BlackFideId "2300982"]
[WhiteElo "3011"]
[BlackElo "2634"]
[WhiteTeam "UZB"]
[BlackTeam "ISL"]
[WhiteClock "0:02:17"]
[BlackClock "0:00:42"]

1. e4 e5 2. Nf3 Nc6 3. Nc3 Nf6 4. Be2 d6 5. d4 Be7 6. O-O O-O 7. Re1 Bg4 8. d5 Nb8 9. Be3 Ne8 10. Qd2 f5 11. exf5 Bxf5 12. Bd3 Bxd3 13. Qxd3 Nd7 14. Ne4 h6 15. c4 Nef6 16. Ng3 Qe8 17. Nh4 Ng4 18. Ng6 Rf6 19. Nxe7+ Qxe7 20. h3 Nxe3 21. Rxe3 Nc5 22. Qe2 a5 23. Nh5 Rf7 24. b3 Raf8 25. Rf1 Qh4 26. Rg3 Ne4 27. Rg4 Rxf2 28. Rxf2 Rxf2 29. Qxe4 1-0

[Event "December 12 Early 2023"]
[Site "https://www.chess.com"]
[Date "2023.12.12"]
[Round "2"]
[White "Rojas Alarcon, Julian Antonio"]
[Black "Drygalov, Sergey"]
[Result "0-1"]
[Board "14"]
[TimeControl "180+1"]
[WhiteFideId "5107407"]
[BlackFideId "24171743"]
[WhiteElo "2634"]
[BlackElo "3009"]
[WhiteTeam "MEX"]
[BlackTeam "RUS"]
[WhiteClock "0:00:25"]
[BlackClock "0:01:00"]

1. c4 e6 2. Nf3 d5 3. g3 Nf6 4. Bg2 Be7 5. O-O O-O 6. b3 d4 7. e3 c5 8. exd4 cxd4 9. Re1 Nc6 10. d3 Nd7 11. Ba3 e5 12. Bxe7 Qxe7 13. a3 a5 14. Nbd2 Nc5 15. Ne4 Nxe4 16. Rxe4 Bf5 17. Re1 h6 18. Ra2 Rfe8 19. Rae2 Qxa3 20. Nxe5 Nb4 21. Bxb7 Rab8 22. Bf3 Re6 23. c5 a4 24. bxa4 Nxd3 25. Nxd3 Bxd3 26. Rxe6 fxe6 27. c6 Qc3 28. Qc1 Bc2 29. Qf4 Rf8 30. Qe5 Qxf3 31. Qxd4 Qxc6 32. Rc1 Qxa4 0-1

[Event "December 12 Early 2023"]
[Site "https://www.chess.com"]
[Date "2023.12.12"]
[Round "2"]
[White "Bortnyk, Olexandr"]
[Black "Kokoszczynski, Jan"]
[Result "1-0"]
[Board "15"]
[TimeControl "180+1"]
[WhiteFideId "14120828"]
[BlackFideId "1174460"]
[WhiteElo "3005"]
[BlackElo "2633"]
[WhiteTeam "UKR"]
[BlackTeam "POL"]
[WhiteClock "0:00:17"]
[BlackClock "0:00:06"]

1. e4 c5 2. c3 g6 3. d4 cxd4 4. cxd4 d5 5. exd5 Bg7 6. Nc3 Nf6 7. Bc4 O-O 8. Nge2 b6 9. O-O Bb7 10. Qb3 a6 11. a4 Nbd7 12. h3 b5 13. axb5 axb5 14. Rxa8 Qxa8 15. Bxb5 Nb6 16. Bc6 Bxc6 17. dxc6 Qxc6 18. Bf4 Nfd5 19. Be5 Rc8 20. Rc1 Bxe5 21. dxe5 Rb8 22. Ne4 Qe6 23. Qg3 Nd7 24. Nc5 Nxc5 25. Rxc5 Rxb2 26. Nd4 Qd7 27. Kh2 Nc7 28. Qc3 Rb7 29. Rc6 Ne6 30. Rc8+ Kg7 31. Nf5+ gxf5 32. Qg3+ Kh6 33. Qh4+ Kg7 34. Qg3+ Kh6 35. Rc4 f4 36. Qg4 Rb2 37. Rxf4 Nxf4 38. Qxd7 Rxf2 39. Kg3 Rf1 40. Qxe7 Kg6 41. Qf6+ Kh5 42. Qxf7+ Kh6 43. Qxf4+ 1-0

[Event "December 12 Early 2023"]
[Site "https://www.chess.com"]
[Date "2023.12.12"]
[Round "2"]
[White "Tanriverdi, Enes"]
[Black "Khismatullin, Denis"]
[Result "1/2-1/2"]
[Board "16"]
[TimeControl "180+1"]
[WhiteFideId "34543279"]
[BlackFideId "4142578"]
[WhiteElo "2631"]
[BlackElo "2988"]
[WhiteTeam "TUR"]
[BlackTeam "RUS"]
[WhiteClock "0:00:07"]
[BlackClock "0:00:06"]

1. Nf3 Nf6 2. d4 d5 3. c4 e6 4. Nc3 c5 5. cxd5 Nxd5 6. e4 Nxc3 7. bxc3 cxd4 8. cxd4 Bb4+ 9. Bd2 Bxd2+ 10. Qxd2 O-O 11. Bc4 Nd7 12. O-O b6 13. Rfe1 Bb7 14. Rad1 Nf6 15. Bd3 Rc8 16. h3 h6 17. Re3 Re8 18. Bb1 Qc7 19. Ne5 Red8 20. Qe2 Nd7 21. Ng4 Nf8 22. Rg3 Ng6 23. e5 Qc4 24. Qe3 Qa4 25. Nxh6+ gxh6 26. Bxg6 Qxd1+ 27. Kh2 Kf8 28. Qxh6+ Ke7 29. Bxf7 Kd7 30. Bxe6+ Kc7 31. Bxc8 Kxc8 32. e6 Qxd4 33. e7 Re8 34. Qe6+ Kb8 35. Qf7 Bc6 36. Rg8 Qd7 37. f4 Kc7 38. Rxe8 Qxe8 39. Qe6 Qd7 40. Qe5+ Kb7 41. f5 Qd2 42. Qg7 Qd6+ 43. Kg1 Ka6 44. f6 Qd4+ 45. Kh2 Qe5+ 46. Kg1 Qe1+ 47. Kh2 Qe5+ 48. Kg1 Qe1+ 49. Kh2 Qe5+ 1/2-1/2

[Event "December 12 Early 2023"]
[Site "https://www.chess.com"]
[Date "2023.12.12"]
[Round "2"]
[White "Terry, Renato"]
[Black "Dobrikov, Marco"]
[Result "1-0"]
[Board "17"]
[TimeControl "180+1"]
[WhiteFideId "3803457"]
[BlackFideId "12950378"]
[WhiteElo "2983"]
[BlackElo "2630"]
[WhiteTeam "PER"]
[BlackTeam "GER"]
[WhiteClock "0:00:26"]
[BlackClock "0:00:01"]

1. e4 e5 2. Nf3 Nf6 3. Nxe5 d6 4. Nf3 Nxe4 5. Nc3 Nxc3 6. dxc3 Nc6 7. Be3 Bf5 8. Qd2 Be7 9. O-O-O a6 10. h3 Qd7 11. Kb1 O-O-O 12. Nd4 Nxd4 13. Qxd4 Bf6 14. Qa7 Qc6 15. Rg1 h6 16. Bd4 Bxd4 17. Qxd4 f6 18. g4 Bg6 19. Qa7 Rhe8 20. f3 Re7 21. h4 Rde8 22. g5 hxg5 23. Bh3+ g4 24. fxg4 Re2 25. g5+ Kd8 26. Rc1 f5 27. h5 Bxh5 28. Bxf5 Bf7 29. Rgf1 Be6 30. Bg6 Rh8 31. Qb8+ Bc8 32. Bf5 Ke7 33. Bxc8 Rd8 34. Qxb7 1-0

[Event "December 12 Early 2023"]
[Site "https://www.chess.com"]
[Date "2023.12.12"]
[Round "2"]
[White "Manukyan, Sargis A."]
[Black "Daneshvar, Bardiya"]
[Result "0-1"]
[Board "18"]
[TimeControl "180+1"]
[WhiteFideId "13303970"]
[BlackFideId "12576468"]
[WhiteElo "2629"]
[BlackElo "2980"]
[WhiteTeam "ARM"]
[BlackTeam "IRI"]
[WhiteClock "0:00:00"]
[BlackClock "0:02:08"]

1. d4 Nf6 2. c4 c5 3. d5 b5 4. cxb5 a6 5. bxa6 g6 6. Nc3 Bg7 7. Nf3 O-O 8. g3 d6 9. Bg2 Nxa6 10. O-O Bf5 11. Nd2 Nb4 12. Nc4 Nc2 13. e4 Nxe4 14. Nxe4 Nxa1 15. Bg5 Bxe4 16. Bxe4 Rxa2 17. Qb1 Ra7 18. Qd3 Qb8 19. h4 Nb3 20. h5 Nd4 21. Kg2 Qb3 22. Qxb3 Nxb3 23. h6 Bd4 24. Re1 Rb8 25. Bf3 Kf8 26. Re2 Rb4 27. Ne3 Nc1 28. Re1 Nd3 29. Re2 Rxb2 30. Nc2 Rxc2 31. Rxc2 Ne1+ 32. Kh3 Nxc2 0-1

[Event "December 12 Early 2023"]
[Site "https://www.chess.com"]
[Date "2023.12.12"]
[Round "2"]
[White "Ivic, Velimir"]
[Black "Antunez Soler, Luis"]
[Result "1-0"]
[Board "19"]
[TimeControl "180+1"]
[WhiteFideId "950122"]
[BlackFideId "3513335"]
[WhiteElo "2966"]
[BlackElo "2628"]
[WhiteTeam "SRB"]
[BlackTeam "CUB"]
[WhiteClock "0:02:25"]
[BlackClock "0:01:50"]

1. e4 e6 2. d4 d5 3. Nc3 Nf6 4. e5 Nfd7 5. f4 c5 6. Nf3 Nc6 7. Be3 a6 8. Ne2 b5 9. c3 g6 10. Ng3 b4 11. Bd3 bxc3 12. bxc3 cxd4 13. cxd4 Bb4+ 14. Bd2 Qa5 15. Bxb4 Qxb4+ 16. Qd2 Rb8 17. Rb1 Qxd2+ 18. Kxd2 Nb6 19. Rhc1 Na5 20. Rxb6 1-0

[Event "December 12 Early 2023"]
[Site "https://www.chess.com"]
[Date "2023.12.12"]
[Round "2"]
[White "Skliarov, Viktor"]
[Black "Nguyen, Ngoc Truong Son"]
[Result "1/2-1/2"]
[Board "20"]
[TimeControl "180+1"]
[WhiteFideId "14106736"]
[BlackFideId "12401110"]
[WhiteElo "2627"]
[BlackElo "2957"]
[WhiteTeam "UKR"]
[BlackTeam "VIE"]
[WhiteClock "0:00:07"]
[BlackClock "0:00:15"]

1. e4 c5 2. Nf3 Nc6 3. Bb5 e6 4. Bxc6 bxc6 5. d3 Ne7 6. Qe2 Ng6 7. h4 Qc7 8. e5 f6 9. exf6 gxf6 10. h5 Nf4 11. Qe4 Bh6 12. Bxf4 Qxf4 13. Nc3 Rb8 14. b3 d5 15. Qxf4 Bxf4 16. Na4 Bd6 17. c4 Rg8 18. g3 e5 19. Rc1 e4 20. dxe4 dxe4 21. Nd2 f5 22. Nf1 Be6 23. Ne3 Ke7 24. Ke2 Kf6 25. Rcd1 Be7 26. Ng2 f4 27. Nxf4 Bg4+ 28. Ke3 Bxd1 29. Rxd1 Rbd8 30. Rxd8 Rxd8 31. Kxe4 Rd2 32. Nd3 Rxa2 33. f4 h6 34. Naxc5 Bxc5 35. Nxc5 Ra5 36. b4 Ra1 37. g4 Re1+ 38. Kd4 Rd1+ 39. Ke4 Rg1 40. Nd7+ Ke6 41. Ne5 c5 42. b5 Rd1 43. Nc6 Re1+ 44. Kf3 Rc1 45. Ne5 Ra1 46. Ke4 Re1+ 47. Kf3 Ra1 48. Ke4 Re1+ 49. Kf3 Ra1 1/2-1/2